cohdb
Replays
Latest Replays
All Replays
Popular Replays
Top Player Replays
Match Explorer
How It Works
Community
CoH3 Stats
Reddit
Sign in to upload your games and track your stats! →
Sign in with Steam
Match 39589468
Unlisted
Match 39589468
Overview
Messages
Build Orders
End
Construct Barracks
Riflemen Squad
Riflemen Squad
Riflemen Squad
Riflemen Squad
Infantry Support Center
Grenade Package
Construct Medical Station
Construct Motor Pool
Engineer Squad
Riflemen Squad
M8 Greyhound Armored Car
M1 Anti-tank Gun Team
Selects Airborne Battlegroup
Selects Heavy Machine Gun Paradrop
Heavy Machine Gun Paradrop
M24 Chaffee Light Tank
Heavy Machine Gun Paradrop
Selects Paratrooper Squad Paradrop
Selects Recon Loiter
Heavy Machine Gun Paradrop
Engineer Squad
Paratrooper Squad Paradrop
M24 Chaffee Light Tank
Selects Paradrop Reinforcements
Selects Dual P-47 Rocket Strike
XuZhongwei
general17
0
0
Comments
sign in to comment!
No comments posted yet!